Map: Ley Lines

Players

Beast - Winner!

  • Race: Protoss Protoss
  • Spawn Location: 1:00

MKLOL

  • Race: Protoss Protoss
  • League: Diamond
  • Spawn Location: 7:00

VOD

Have the link to the VOD?

Description

Time

  • Played on: April 28, 2025, 1:51 p.m.
  • Length: 13:30
Show
View Real Time Build Order
Export as new Build Order

Beast Protoss - Winner!

Build Orders: Blink Stalkers 

Get SALT Encoding   

  12  0:00  Probe  
  13  0:13  Probe  
  14  0:17  Pylon  
  14  0:25  Probe  
  15  0:34  Probe  
  15  0:36  Gateway  
  15  0:42  Probe, Assimilator  
  17  0:52  Probe  
  17  0:55  Assimilator  
  18  1:01  Probe  
  19  1:09  Probe, Gateway  
  20  1:24  Pylon  
  20  1:28  Probe, Cybernetics Core  
  21  1:40  Probe  
  21  1:42  Pylon  
  22  1:52  Probe  
  23  2:03  Stalker  
  23  2:04  Probe  
  23  2:05  Warp Gate, Sentry  
  28  2:24  Pylon  
  28  2:30  Pylon  
  28  2:39  Pylon  
  28  2:46  Nexus  
  28  2:50  Shield Battery  
  28  3:00  Twilight Council  
  28  3:02  Probe  
  28  3:04  Stalker  
  29  3:10  Sentry  
  33  3:14  Probe  
  34  3:23  Forge  
  34  3:26  Probe  
  35  3:38  Probe  
  35  3:39  Blink  
  36  3:45  Pylon  
  36  3:49  Protoss Ground Weapons Level 1  
  36  3:52  Probe  
  36  3:54  Probe  
  37  4:00  Probe  
  37  4:02  Probe  
  38  4:09  Probe  
  40  4:12  Probe  
  42  4:19  Stalker  
  42  4:20  Stalker  
  42  4:23  Probe  
  47  4:29  Probe  
  48  4:34  Gateway  
  48  4:35  Probe  
  49  4:42  Probe  
  49  4:43  Gateway  
  50  4:47  Probe  
  51  4:54  Probe  
  51  4:59  Probe  
  53  5:00  Pylon  
  53  5:06  Stalker x2, Assimilator  
  57  5:19  Probe x2  
  59  5:29  Nexus  
  59  5:31  Stalker x3, Protoss Ground Weapons Level 2  
  65  5:41  Shield Battery  
  65  5:44  Probe x2, Shield Battery  
  65  5:48  Charge  
  65  5:59  Stalker x2  
  67  6:10  Stalker  
  67  6:11  Probe  
  70  6:15  Pylon  
  70  6:23  Pylon  
  70  6:25  Assimilator  
  70  6:28  Pylon x2  
  70  6:32  Probe  
  70  6:33  Probe  
  70  6:34  Stalker x3  
  70  6:38  Probe  
  78  6:40  Probe  
  78  6:41  Probe, Stalker  
  78  6:46  Probe  
  83  6:49  Probe x2  
  86  6:56  Probe  
  86  6:59  Probe x2  
  89  7:04  Stalker x4  
  89  7:08  Probe  
  98  7:11  Probe x2  
  98  7:14  Photon Cannon  
  100  7:18  Templar Archives  
  100  7:20  Probe  
  99  7:41  Probe  
  90  7:55  Protoss Ground Weapons Level 3  
  82  8:07  Stalker x4  
  82  8:10  Assimilator  
  90  8:17  Probe x3, Gateway  
  90  8:19  Nexus, Gateway  
  93  8:20  Assimilator  
  93  8:21  Pylon x2  
  93  8:29  Probe x2  
  93  8:31  Photon Cannon  
  95  8:34  Photon Cannon  
  95  8:37  High Templar  
  95  8:38  High Templar x3  
  95  8:39  Probe, Shield Battery  
  95  8:40  Pylon  
  104  8:41  Probe x2  
  104  8:44  Archon x2  
  106  8:51  Probe  
  106  8:53  Probe x2, Assimilator  
  106  8:55  Assimilator  
  109  8:56  Pylon  
  109  8:59  Photon Cannon  
  109  9:00  Shield Battery  
  109  9:02  Photon Cannon  
  109  9:03  Probe, Gateway  
  109  9:05  Probe, Gateway  
  109  9:06  Probe  
  112  9:10  High Templar  
  112  9:11  High Templar, Zealot x2  
  120  9:17  Robotics Facility  
  120  9:18  Zealot  
  120  9:19  Zealot  
  120  9:20  Probe x3  
  127  9:34  High Templar x2  
  131  9:39  Probe  
  131  9:40  High Templar x2, Archon  
  131  9:43  Zealot x2  
  140  9:46  Pylon  
  140  9:48  Gateway  
  140  9:50  Photon Cannon, Gateway  
  140  9:57  Photon Cannon  
  140  9:59  Photon Cannon  
  140  10:02  High Templar x2, Photon Cannon  
  140  10:03  Archon  
  140  10:04  Archon  
  140  10:06  Archon  
  144  10:07  Observer  
  144  10:13  Photon Cannon  
  145  10:14  High Templar x2  
  145  10:15  Zealot x4  
  145  10:18  Gateway  
  145  10:21  Gateway  
  157  10:27  Observer  
  158  10:36  High Templar x2, Zealot x2  
  158  10:37  Zealot x2  
  170  10:44  Archon, Zealot  
  170  10:45  Pylon  
  170  10:49  Protoss Shields Level 1  
  172  10:52  Photon Cannon  
  172  10:53  Photon Cannon  
  172  10:55  Photon Cannon  
  172  11:02  Observer  
  173  11:05  Zealot x3  
  179  11:16  Archon  
  166  11:22  Nexus  
  126  11:51  Zealot x2  
  126  11:52  Zealot x10  
  110  12:18  Stalker x7  
  110  12:19  Stalker x5  
  110  12:20  Probe x2  
  124  12:50  Zealot x3  
  124  12:51  Zealot x9  
  140  12:58  Robotics Facility  
  140  13:00  Robotics Facility  
Show
View Real Time Build Order
Export as new Build Order

MKLOL Protoss 

Build Orders: Archon Immortal, Blink Stalkers 

Get SALT Encoding   

  12  0:00  Probe  
  13  0:12  Probe  
  14  0:18  Pylon  
  14  0:24  Probe  
  15  0:35  Probe  
  15  0:40  Gateway  
  16  0:43  Probe  
  17  0:51  Probe  
  18  0:59  Assimilator  
  18  1:01  Assimilator  
  18  1:03  Probe  
  19  1:15  Probe  
  20  1:23  Gateway  
  20  1:27  Probe, Cybernetics Core  
  21  1:39  Probe  
  22  1:43  Pylon  
  22  1:51  Probe  
  23  2:03  Probe  
  24  2:08  Stalker  
  24  2:11  Sentry  
  24  2:14  Probe  
  28  2:17  Pylon  
  28  2:21  Pylon  
  28  2:22  Probe  
  29  2:26  Warp Gate  
  30  2:30  Probe  
  31  2:43  Stalker  
  31  2:51  Sentry  
  35  3:00  Nexus  
  35  3:03  Probe, Shield Battery  
  36  3:15  Probe  
  37  3:24  Twilight Council  
  37  3:28  Probe  
  37  3:33  Pylon  
  38  3:40  Probe  
  39  3:46  Blink  
  33  3:48  Stalker  
  39  3:49  Stalker  
  39  3:52  Probe  
  39  3:55  Pylon  
  44  4:04  Probe  
  45  4:14  Probe  
  45  4:15  Probe  
  47  4:22  Probe  
  47  4:23  Probe  
  47  4:30  Probe  
  49  4:34  Stalker  
  49  4:35  Stalker  
  49  4:38  Probe  
  54  4:41  Probe  
  56  5:01  Probe x2  
  56  5:05  Robotics Facility  
  56  5:06  Forge  
  58  5:11  Stalker  
  58  5:13  Stalker  
  62  5:17  Probe x2  
  62  5:19  Nexus  
  62  5:20  Pylon  
  64  5:29  Probe  
  64  5:31  Protoss Ground Weapons Level 1  
  64  5:32  Probe  
  64  5:34  Assimilator  
  66  5:40  Stalker x2  
  70  5:43  Probe  
  70  5:44  Probe  
  72  6:01  Immortal  
  72  6:10  Stalker  
  72  6:11  Stalker  
  72  6:15  Probe  
  77  6:20  Assimilator  
  77  6:25  Gateway  
  77  6:28  Pylon  
  77  6:30  Gateway  
  77  6:31  Gateway  
  77  6:32  Probe x3, Gateway  
  80  6:33  Gateway  
  80  6:34  Observer, Shield Battery  
  80  6:36  Gateway  
  80  6:44  Probe x2, Zealot  
  85  6:51  Probe  
  86  6:54  Zealot  
  86  6:56  Immortal  
  92  7:01  Charge  
  92  7:05  Probe x2  
  92  7:06  Probe  
  95  7:09  Zealot  
  95  7:14  Gateway  
  97  7:18  Pylon  
  97  7:22  Pylon  
  97  7:26  Templar Archives  
  97  7:28  Assimilator  
  94  7:32  Assimilator  
  90  7:38  Stalker x4  
  84  7:51  Stalker  
  84  7:52  Stalker x3  
  84  7:53  Protoss Ground Weapons Level 2  
  85  8:00  Immortal  
  85  8:05  Pylon  
  82  8:16  Pylon  
  82  8:17  Probe x2  
  84  8:21  Pylon  
  84  8:24  Zealot x2  
  84  8:25  Zealot x2  
  92  8:27  Probe  
  93  8:44  Probe  
  94  8:54  High Templar  
  94  8:55  High Templar x2  
  100  8:58  Probe x3  
  100  8:59  Nexus  
  100  9:01  Pylon  
  100  9:02  Immortal  
  103  9:04  Pylon  
  103  9:05  Archon  
  103  9:06  High Templar  
  105  9:10  Probe, Archon  
  105  9:13  Zealot  
  105  9:16  Probe x2  
  114  9:20  High Templar  
  114  9:22  Probe  
  117  9:26  High Templar  
  117  9:28  Probe  
  117  9:29  Probe, Archon  
  121  9:34  Probe  
  121  9:35  Zealot x4  
  130  9:40  Probe  
  130  9:41  Probe  
  130  9:42  Zealot x2  
  130  9:45  Sentry  
  138  9:47  Probe  
  139  9:56  Pylon  
  139  10:01  Immortal  
  139  10:04  Pylon  
  139  10:10  Pylon  
  139  10:11  High Templar x3  
  149  10:15  Archon  
  149  10:23  Photon Cannon  
  149  10:24  Photon Cannon  
  149  10:25  Photon Cannon  
  149  10:28  High Templar  
  149  10:29  Zealot  
  149  10:30  Photon Cannon, Zealot  
  149  10:31  Zealot x2  
  149  10:32  Zealot  
  149  10:34  Archon  
  161  10:37  Probe  
  161  10:38  Probe x3, Protoss Ground Armor Level 1  
  161  10:40  Observer  
  166  10:45  Stalker x2  
  170  10:55  Zealot  
  170  10:56  Zealot x3  
  178  10:59  Warp Prism  
  172  11:18  High Templar x5  
  146  11:20  Stalker, Zealot  
  146  11:22  Archon x2  
  146  11:27  Zealot x2  
  125  11:41  Stalker  
  104  11:48  Stalker x3  
  104  11:50  Stalker x5  
  96  12:03  Immortal  
  96  12:05  Zealot  
  90  12:12  Zealot x3  
  92  12:19  Gateway  
  92  12:21  Gateway  
  82  12:23  Gateway x2  
  82  12:24  Stalker x5  
  81  12:41  Stalker  
  81  12:42  Stalker x3  
  81  12:43  Probe x2  
  81  12:44  Probe  
  89  12:48  Zealot x3  
  83  13:04  Stalker x3  
  83  13:05  Stalker x2  
  78  13:16  Stalker x3  
  78  13:18  High Templar x2  
  80  13:26  Stalker  
  80  13:27  Stalker  
Tags
 
Add a new tag
Caveats
  • Supply blocks, unpowered buildings, or Contaminate may cause inaccurate times.
  • Supply counts are checked every 10 seconds.